 Dungeon Crawl Stone Soup version 0.26-a0-1177-g1209ec82b9 (webtiles) character file.

Game seed: 9962386977069124758

441 sokol815 the Sneak (level 7, 0/50 HPs)
             Began as an Octopode Delver on Dec 25, 2020.
             Was an Initiate of Gozag.
             Slain by an orc warrior
             ... wielding a +0 scimitar
              (9 damage)
             ... on level 6 of the Dungeon.
             The game lasted 00:11:51 (5310 turns).

sokol815 the Sneak (Octopode Delver)                Turns: 5310, Time: 00:11:51

Health: 0/50       AC:  1    Str: 11 (12) XL:     7   Next: 2%
Magic:  7/7        EV: 12    Int: 12      God:    Gozag
Gold:   250        SH:  8    Dex: 14 (15) Spells: 1/6 levels left

rFire    . . .     SeeInvis .   a - +0 falchion
rCold    . . .     Faith    .   y - +0 kite shield
rNeg     . . .     Spirit   .   (helmet restricted)
rPois    .         Reflect  .   (no amulet)
rElec    .         Harm     .   A - ring of flight {+Fly, !d}
rCorr    .         Rampage  .   H - ring of willpower
Will     +....                  (no ring)
Stlth    ++++......             (no ring)
HPRegen  0.16/turn              (no ring)
MPRegen  0.10/turn              (no ring)
                                (no ring)
                                (no ring)

@: hasted, very quick
A: almost no armour, stealthy swim, amphibious, 8 rings, constrict 8, tentacle
spike 1, camouflage 1, deterioration 1, robust 1, gelatinous body 1
a: Renounce Religion, Evoke Flight, Potion Petition, Call Merchant, Bribe Branch


You were on level 6 of the Dungeon.
You worshipped Gozag.
Gozag was aware of your devotion.
You visited 2 branches of the dungeon, and saw 7 of its levels.

You collected 332 gold pieces.
You paid 82 gold pieces to Gozag.

Inventory:

Hand Weapons
 a - a +0 falchion (weapon)
 b - a +0 trident of freezing
   (You took it off a hobgoblin on level 3 of the Dungeon)
 c - a +0 fustibalus
   (You took it off a goblin on level 2 of the Dungeon)
 g - a +0 spear
   (You found it on level 5 of the Dungeon)
 n - a +0 dagger
   (You took it off a goblin on level 2 of the Dungeon)
Missiles
 h - 113 stones
 k - 3 curare-tipped darts
 p - 75 sling bullets
 w - 6 javelins {=f}
 z - 6 silver boomerangs
 B - 17 poisoned darts
 D - 5 boomerangs
Armour
 y - a +0 kite shield (worn)
   (You found it on level 2 of the Dungeon)
Jewellery
 A - a ring of flight (left tentacle) {+Fly, !d}
   (You found it on level 2 of the Dungeon)
 H - a ring of willpower (right tentacle)
   (You found it on level 5 of the Dungeon)
Wands
 f - a wand of digging (3)
Scrolls
 d - a scroll of fear
 i - a scroll of noise {unknown}
 m - 2 scrolls of magic mapping {!r}
 o - 3 scrolls of fog
 r - a scroll of random uselessness {unknown}
 s - 3 scrolls of enchant armour {unknown}
 t - a scroll of identify
 v - 3 scrolls of remove curse
 E - 2 scrolls of amnesia {unknown}
Potions
 j - a potion of flight
 l - 2 potions of curing
 q - a potion of lignification {!q}
 u - a potion of brilliance
 x - a potion of attraction {!q}
 C - 4 potions of magic {unknown}
 G - 2 potions of resistance {unknown}


   Skills:
 - Level 3.0 Fighting
 * Level 5.3 Long Blades
 + Level 2.0 Slings
 + Level 3.9 Dodging
 - Level 6.6 Stealth
 + Level 2.1 Shields
 + Level 0.0 Hexes
 + Level 0.0 Transmutations


You had one spell level left.
You knew the following spells:

 Your Spells              Type           Power        Failure   Level
a - Yara's Violent Unrav  Hex/Tmut       0%           100%        5

Your spell library contained the following spells:

 Spells                   Type           Power        Failure   Level
 Confusing Touch          Hex            0%           99%         3
 Gell's Gravitas          Tloc           0%           99%         3
 Petrify                  Tmut/Erth      0%           100%        4
 Metabolic Englaciation   Hex/Ice        0%           100%        5


Dungeon Overview and Level Annotations

Branches:
Dungeon (6/15)             Temple (1/1) D:5

Altars:
Ashenzari
Dithmenos
Elyvilon
Fedhas
Gozag
Kikubaaqudgha
Makhleb
Okawaru
Qazlal
Ru
Vehumet
Wu Jian
Xom
Yredelemnul
Zin

Annotations:
D:2 1 runed translucent door, Crazy Yiuf
D:5 exclusion: 2 orcs, Prince Ribbit


Innate Abilities, Weirdness & Mutations

You cannot wear most types of armour.
You are very stealthy in the water. (Stealth+)
You are amphibious.
You can wear up to eight rings at the same time.
You can use your tentacles to constrict eight enemies at once.
Your skin changes colour to match your surroundings (Stealth+).
Your rubbery body absorbs attacks. (AC +1, EV +1)
One of your tentacles bears a spike.
Your body sometimes deteriorates upon taking damage.
You are robust. (+10% HP)


Message History

You have reached level 7!
You regained 4 hp, and now have 44/50 hp.
MP restored: 7 You now have 250 gold pieces (gained 7).
p - 80 sling bullets (gained 1)
p - 81 sling bullets (gained 1)
p - 82 sling bullets (gained 1)
p - 83 sling bullets (gained 1)
There is a stone staircase leading up here.
Found a stone staircase leading down.
Health restored: 50 You see here a spear.
You see here a spear.
You see here a quarterstaff.
You see here a leather armour.
You see here a quarterstaff.
There is a stone staircase leading down here.
Partly explored, can't reach some places.
You don't know any spells.
This spell is impossible to cast!
Memorise Yara's Violent Unravelling, consuming 5 spell levels and leaving 1?
You start memorising the spell.
You continue memorising. x5
You finish memorising.
Spell assigned to 'a'.
Partly explored, can't reach some places.
(D) Dungeon (T) Temple
Where to? (Enter - D:5, ? - help)
There is a stone staircase leading down here.
You climb downwards.
An orc comes into view.
There is a stone staircase leading up here.
c - a +0 fustibalus (weapon)
You shoot a sling bullet. The sling bullet hits the orc!
You kill the orc!
An orc priest comes into view. It is wielding a +0 mace.
Found a stone staircase leading up.
You shoot a sling bullet. The sling bullet hits the orc priest!
The orc priest shouts!
An orc warrior comes into view. It is wielding a +0 scimitar.
You shoot a sling bullet.
The sling bullet closely misses the orc priest.
The orc warrior shouts!
The orc priest becomes distracted by the nearby gold, dreaming of imaginary riches.
You shoot a sling bullet.
The sling bullet closely misses the orc priest.
You shoot a sling bullet. The sling bullet hits the orc priest.
The orc priest is no longer distracted by gold.
You shoot a sling bullet. The sling bullet hits the orc warrior.
You shoot a sling bullet. The sling bullet hits the orc warrior!
The orc priest calls upon Beogh to heal the orc warrior.
The orc warrior is healed somewhat.
The orc warrior closely misses you.
You see here 14 gold pieces.
You shoot a sling bullet.
The sling bullet hits the orc warrior but does no damage.
You block the orc warrior's attack.
a - a +0 falchion (weapon)
You barely miss the orc warrior. You grab the orc warrior.
You pierce the orc warrior, but do no damage.
You constrict the orc warrior, but do no damage.
The orc warrior hits you with a +0 scimitar!!
You take 22 damage, and have 28/50 hp.
MASSIVE DAMAGE!!
You hit the orc warrior.
You constrict the orc warrior, but do no damage.
The orc warrior barely misses you.
You riposte.
You hit the orc warrior but do no damage.
Your tentacle spike misses the orc warrior.
You squeeze the orc warrior, but do no damage.
You hit the orc warrior.
You pierce the orc warrior, but do no damage.
You constrict the orc warrior.
The orc warrior hits you with a +0 scimitar!!
* * * LOW HITPOINT WARNING * * *
You take 20 damage, and have 8/50 hp.
MASSIVE DAMAGE!!
You feel much better.
You constrict the orc warrior, but do no damage.
The orc warrior hits you with a +0 scimitar!!
* * * LOW HITPOINT WARNING * * *
Your body deteriorates!
You feel weakened.
You regained 2 hp, and now have 10/50 hp.
You hit the orc warrior but do no damage.
You pierce the orc warrior.
You constrict the orc warrior. The orc warrior barely misses you.
You hit the orc warrior but do no damage.
You constrict the orc warrior. You block the orc warrior's attack.
Okay, then.
Unknown command.
You feel better.
You constrict the orc warrior.
The orc priest calls down the wrath of Beogh upon you.
Beogh smites you!
* * * LOW HITPOINT WARNING * * *
Your body deteriorates!
You feel clumsy.
You take 2 damage, and have 9/50 hp.
You feel yourself speed up.
You constrict the orc warrior, but do no damage.
The orc warrior hits you with a +0 scimitar!
You die...
Your body crumbles into a pile of gold.

<## ...## ##
.$.. ...
#..##(##
#......( #..(.#
#.########.(..#
#......@oo....#
!.########.####
#.<..# ##...#
#...# #.....
#..#### #.##
#.#


You could see an orc warrior and an orc priest.

Vanquished Creatures
  An ogre (D:5)
  A bullfrog zombie (D:5)
  A bullfrog skeleton (D:4)
  Jessica (D:3)
  An iguana (D:5)
  2 worker ants
  A hound skeleton (D:5)
  6 adders
  An ooze (D:3)
  An adder zombie (D:2)
  An adder skeleton (D:4)
  5 worms
  2 dart slugs (D:2)
  10 orcs
  7 giant cockroaches
  11 goblins
  14 hobgoblins
  2 jackals (D:3)
  10 kobolds
  2 quokkas (D:2)
  8 bats
  4 frilled lizards
  A quokka zombie (D:4)
  5 rats
98 creatures vanquished.

Vanquished Creatures (others)
  A fungus (D:2)
1 creature vanquished.

Grand Total: 99 creatures vanquished

Notes
Turn   | Place    | Note
-------+----------+-------------------------------------------
     0 | D:5      | sokol815 the Octopode Delver began the quest for the Orb.
     0 | D:5      | Reached XP level 1. HP: 16/16 MP: 1/1
    28 | D:5      | Noticed an ogre
    82 | D:3      | Found a white marble altar of Elyvilon.
   175 | D:3      | Reached XP level 2. HP: 18/21 MP: 2/2
   359 | D:2      | Reached skill level 3 in Long Blades
   359 | D:2      | Reached XP level 3. HP: 11/26 MP: 3/3
   378 | D:2      | HP: 6/26 [poisoned by an adder]
  1057 | D:2      | Reached XP level 4. HP: 27/31 MP: 4/4
  1155 | D:2      | Reached skill level 3 in Dodging
  1975 | D:1      | Reached skill level 4 in Long Blades
  2745 | D:2      | Found a runed translucent door.
  2746 | D:2      | Noticed Crazy Yiuf
  2850 | D:3      | Reached XP level 5. HP: 33/36 MP: 5/5
  3113 | D:3      | Noticed Jessica
  3115 | D:3      | Killed Jessica
  3261 | D:3      | Reached skill level 1 in Shields
  3792 | D:4      | Gained mutation: Your body sometimes deteriorates upon
                  | taking damage. [potion of mutation]
  3792 | D:4      | Gained mutation: One of your tentacles bears a spike.
                  | [potion of mutation]
  3792 | D:4      | Gained mutation: You are robust. (+10% HP) [potion of
                  | mutation]
  3849 | D:4      | Reached skill level 1 in Slings
  4116 | D:4      | Reached XP level 6. HP: 35/46 MP: 6/6
  4585 | D:5      | Found a staircase to the Ecumenical Temple.
  4599 | Temple   | Entered the Ecumenical Temple
  4659 | Temple   | Became a worshipper of Gozag Ym Sagoz the Greedy
  4719 | D:5      | Noticed Prince Ribbit
  4774 | D:5      | Reached skill level 5 in Long Blades
  4921 | D:5      | Reached skill level 2 in Shields
  5121 | D:5      | Reached skill level 2 in Slings
  5121 | D:5      | Reached XP level 7. HP: 44/50 MP: 7/7
  5280 | D:5      | Learned a level 5 spell: Yara's Violent Unravelling
  5305 | D:6      | HP: 8/50 [orc warrior/+0 scimitar (20)]
  5310 | D:6      | Slain by an orc warrior

Illustrated notes

Levels and vault maps discovered:
D:1:      nagdon_arrival_zigzag_paths, layout_basic
D:2:      minmay_skewed_foursquare, layout_loops_cross, uniq_crazy_yiuf_cottage
D:3:      layout_basic, minivault_23, elyvilon_altar_4, uniq_jessica
D:4:      layout_loops_cross
D:5:      layout_rooms, temple_statues, uniq_prince_ribbit1
D:6:      layout_loops_ring
Temple:   grunt_wide_crystal_templ

Skill      XL: |  1  2  3  4  5  6 |
---------------+-------------------+-----
Long Blades    | 3 4 5 |  5.3
Dodging        | 3 |  3.9
Shields        | 1 2 |  2.1
Slings         | 1 2 |  2.0
Fighting       | |  3.0
Stealth        | |  6.6

Action                   |  1- 3 |  4- 6 |  7- 9 || total
-------------------------+-------+-------+-------++-------
Melee: Falchion          |    31 |    68 |     5 ||   104
       Tentacles         |     8 |    16 |     1 ||    25
       Constrict         |     9 |    20 |     1 ||    30
       Trident           |     4 |       |       ||     4
       Kick              |       |     9 |     3 ||    12
       Dagger            |       |     3 |       ||     3
 Fire: Fustibalus        |    26 |   130 |     8 ||   164
  Use: Scroll            |       |     8 |       ||     8
       Potion            |       |     1 |     3 ||     4
 Stab: Sleeping          |     7 |     5 |       ||    12
Armor: Skin              |     3 |     2 |       ||     5
Dodge: Dodged            |    33 |    54 |     3 ||    90
Block: Kite shield       |       |    20 |     2 ||    22
       Rpst.: Falchion   |     7 |    10 |     1 ||    18

Table legend: (Time is in decaauts)
 A = Elapsed time spent in this place.
 B = Non-inter-level travel time spent in this place.
 C = Inter-level travel time spent in this place.
 D = Time resting spent in this place.
 E = Time spent auto-exploring this place.
 F = Levels seen in this place.
 G = Mean time per level.
                   A        B        C        D        E       F      G
               +--------+--------+--------+--------+--------+-----+--------+
         Total |   5381 |   5233 |    148 |   1036 |   3296 |   7 |  768.7 |
       Dungeon |   5303 |   5172 |    131 |   1036 |   3244 |   6 |  883.8 |
        Temple |     77 |     60 |     17 |      0 |     52 |   1 |   77.0 |
               +--------+--------+--------+--------+--------+-----+--------+

Top non-repeatable levels by time:
     D:2: 1716 daAuts
     D:3: 1226 daAuts
     D:1: 805 daAuts
     D:5: 769 daAuts
     D:4: 762 daAuts
  Temple: 77 daAuts
     D:6: 24 daAuts

Table legend:
 A = Kills in this place as a percentage of kills in entire the game.
 B = Kills by you in this place as a percentage of kills by you in the entire game.
 C = Kills by friends in this place as a percentage of kills by friends in the entire game.
 D = Other kills in this place as a percentage of other kills in the entire game.
 E = Experience gained in this place as a percentage of experience gained in the entire game.
 F = Experience gained in this place divided by the number of levels of this place that you have seen.
                   A       B       C       D       E      F
               +-------+-------+-------+-------+-------+----------------------
         Total | 100.0 | 100.0 |   N/A |   N/A | 100.0 |  90.1
       Dungeon | 100.0 | 100.0 |   N/A |   N/A | 100.0 | 105.2
               +-------+-------+-------+-------+-------+----------------------
